 Dungeon Crawl Stone Soup version 0.27-a0-1384-g1422d76b99 (webtiles) character file.

Game seed: 13606502247435489460

5118 octoduck the Cleaver (level 10, -12/89 HPs)
             Began as a Hill Orc Necromancer on June 30, 2021.
             Was a Believer of Makhleb.
             Mangled by Erolcha (29 damage)
             ... on level 9 of the Dungeon on July 1, 2021.
             The game lasted 01:10:17 (23717 turns).

octoduck the Cleaver (Hill Orc Necromancer)        Turns: 23717, Time: 01:10:18

Health: -12/89     AC:  6    Str: 18    XL:     10   Next: 58%
Magic:  3/12       EV: 12    Int: 20    God:    Makhleb [**....]
Gold:   76         SH:  0    Dex: 12    Spells: 4/12 levels left

rFire    . . .     SeeInvis .   e - +1 war axe
rCold    . . .     Faith    .   (no shield)
rNeg     . . .     Spirit   .   l - +1 robe {Will+}
rPois    .         Reflect  .   E - +1 helmet {Int+3}
rElec    .         Harm     .   h - scarf {repulsion}
rCorr    +         Rampage  .   P - +0 pair of gloves
Will     +....                  (no boots)
Stlth    ++........             (no amulet)
HPRegen  0.24/turn              y - ring of Vuoqoxei {rCorr Slay+2}
MPRegen  0.13/turn              n - +6 ring of strength

@: about to teleport, repel missiles
A: no striking features
a: Renounce Religion, Minor Destruction


You were on level 9 of the Dungeon.
You worshipped Makhleb.
Makhleb was pleased with you.
You visited 2 branches of the dungeon, and saw 11 of its levels.

You collected 638 gold pieces.
You spent 562 gold pieces at shops.

Inventory:

Hand Weapons
 e - a +1 war axe (weapon)
 j - a +0 hunting sling
Missiles
 s - 5 silver boomerangs (quivered)
 w - 4 javelins
 J - 3 curare-tipped darts
 M - a throwing net
 T - 3 atropa-tipped darts
Armour
 a - the +6 scale mail of Cakanur {Int+4 Dex+2}
   (You bought it in a shop on level 1 of the Dungeon)

   Int:       It affects your intelligence (+4).
   Dex:       It affects your dexterity (+2).
 h - a scarf of repulsion (worn)
 l - a +1 robe of willpower (worn)
 x - a +0 ring mail
 D - a +0 leather armour of fire resistance
 E - a +1 helmet of intelligence (worn)
 P - a +0 pair of gloves (worn)
 Q - a +0 chain mail
Magical Staves
 p - a staff of fire
 K - a staff of air
 R - a staff of death
Jewellery
 b - a +4 ring of protection
 n - a +6 ring of strength (right hand)
 y - the ring of Vuoqoxei (left hand) {rCorr Slay+2}
   (You took it off an orc priest on level 7 of the Dungeon)

   [ring of resist corrosion]

   Slay:      It affects your accuracy & damage with ranged weapons and melee
   (+2).
   rCorr:     It protects you from acid and corrosion.
 H - the ring "Suajih" {rElec rF+ MP+9 Int+6 Dex-3}
   (You acquired it on level 7 of the Dungeon)

   [ring of intelligence]

   Int:       It affects your intelligence (+6).
   Dex:       It affects your dexterity (-3).
   rF:        It protects you from fire.
   rElec:     It insulates you from electricity.
   MP:        It affects your magic capacity (+9).
 L - a +6 ring of dexterity
 N - a ring of protection from cold
Wands
 B - a wand of flame (37)
Scrolls
 d - a scroll of identify
 i - 2 scrolls of torment
 o - 2 scrolls of amnesia
 r - a scroll of holy word
 z - a scroll of immolation
 O - a scroll of magic mapping
Potions
 c - 2 potions of brilliance
 f - a potion of attraction {unknown}
 g - 6 potions of curing
 m - 2 potions of berserk rage
 t - a potion of might
 u - 2 potions of heal wounds
 A - a potion of ambrosia
 F - a potion of magic


   Skills:
 + Level 8.3 Fighting
 - Level 14.1 Axes
 + Level 1.7 Armour
 - Level 1.5 Dodging
 - Level 1.5 Stealth
 - Level 1.5 Spellcasting
 - Level 8.2 Necromancy


You had 4 spell levels left.
You knew the following spells:

 Your Spells              Type           Power      Damage    Failure   Level
a - Pain                  Necr           100%       1d9       1%          1
b - Vampiric Draining     Necr           17%        2d8       1%          3
c - Animate Dead          Necr           17%        N/A       5%          4

Your spell library contained the following spells:

 Spells                   Type           Power      Damage    Failure   Level
 Animate Skeleton         Necr           68%        N/A       1%          1
 Freeze                   Ice            4%         1d3       17%         1
 Frozen Ramparts          Ice            2%         1d2       45%         3
 Ozocubu's Armour         Ice            1%         N/A       45%         3
 Cause Fear               Hex            0%         N/A       86%         4
 Hailstorm                Conj/Ice       1%         3d3       86%         4
 Agony                    Necr           34%        N/A       16%         5
 Bolt of Magma            Conj/Fire/Erth 0%         4d4       99%         5
 Iskenderun's Battlesphe  Conj           1%         2d6       99%         5
 Metabolic Englaciation   Hex/Ice        0%         N/A       99%         5
 Silence                  Hex/Air        0%         N/A       99%         5
 Yara's Violent Unravell  Hex/Tmut       0%         3d3       99%         5
 Iron Shot                Conj/Erth      0%         9d1       100%        6
 Orb of Destruction       Conj           0%         N/A       100%        7
 Spellforged Servitor     Conj/Summ      0%         N/A       100%        7
 Discord                  Hex            0%         N/A       100%        8


Dungeon Overview and Level Annotations

Branches:
Dungeon (10/15)            Temple (1/1) D:5            Lair (0/6) D:10
    Orc: D:9-12

Altars:
Ashenzari
Cheibriados
Dithmenos
Elyvilon
Fedhas
Gozag
Hepliaklqana
Kikubaaqudgha
Makhleb
Nemelex Xobeh
Okawaru
Qazlal
Ru
Sif Muna
Trog
Uskayaw
Vehumet
Wu Jian
Xom
Yredelemnul
Zin
The Shining One

Shops:
D:1 [   D:3 (   D:4 *   D:5 (   D:6 [   D:7 ?

Annotations:
D:7 2 transporters, Tocho's ghost, novice OgBe
D:9 1 runed translucent door, Erolcha; mandarbmax's ghost, novice MfTm


Message History

You start removing your armour.
You continue taking off the +6 scale mail of Cakanur {Int+4 Dex+2}. x4
Erolcha mumbles some strange words.
Erolcha blinks!
You finish taking off the +6 scale mail of Cakanur {Int+4 Dex+2}.
You start putting on your armour.
You continue putting on your +1 robe of willpower. x5
Erolcha gestures wildly while chanting.
Erolcha flickers and vanishes!
Deactivating autopickup; reactivate with Ctrl-A.
You finish putting on your +1 robe of willpower.
You feel strong-willed.
Cast which spell? (? or * to list)
Aiming: Vampiric Draining (safe; 1% risk of failure)
Press: ? - help, Shift-Dir - straight line
Okay, then.
You closely miss something. Something hits you!!
Casting: Vampiric Draining (safe; 1% risk of failure)
Confirm with . or Enter, or press ? or * to list all spells.
Aiming: Vampiric Draining (safe; 1% risk of failure)
Press: ? - help, Shift-Dir - straight line You draw life force from something.
You feel life coursing into your body. Something hits you.
Casting: Vampiric Draining (safe; 1% risk of failure)
Confirm with . or Enter, or press ? or * to list all spells.
Aiming: Vampiric Draining (safe; 1% risk of failure)
Press: ? - help, Shift-Dir - straight line You draw life force from something!
You feel life coursing into your body. Something hits you!!
Casting: Vampiric Draining (safe; 1% risk of failure)
Confirm with . or Enter, or press ? or * to list all spells.
Aiming: Vampiric Draining (safe; 1% risk of failure)
Press: ? - help, Shift-Dir - straight line You draw life force from something!
You feel life coursing into your body. Something hits you!
As you read the scroll of teleportation, it crumbles to dust.
You feel strangely unstable. Something hits you!
* * * LOW HITPOINT WARNING * * *
Something hits you!!
You die...

#.#...##########
#.#.............
#############.....##########
#>......................)...
#.###############.###.####..
#.###......#..........####.#
#.........................<.
#####.####{#################
#.# #.@................
#.######################
#.....O.# #........#
#######.# #.######.#
##.###.# #.# #......# #.#
#......# #.# #......# #.#
#......# #.#


There were no monsters in sight!

Vanquished Creatures
  Joseph (D:7)
  A wraith (D:9)
  A wyvern (D:9)
  2 wargs
  A water moccasin (D:5)
  4 orc warriors
  A necrophage (D:7)
  An ogre (D:5)
  3 centaurs
  A kobold brigand (D:9)
  A wyvern zombie (D:9)
  4 bullfrogs
  3 gnoll sergeants
  4 scorpions
  2 water moccasin skeletons (D:5)
  7 killer bees
  15 wights
  4 howler monkeys
  A centaur zombie (D:7)
  4 hounds
  10 orc priests
  A bullfrog skeleton (D:5)
  A gnoll shaman (D:9)
  Natasha (thrice) (D:3)
  4 iguanas
  13 orc wizards
  A hound skeleton (D:4)
  A howler monkey zombie (D:9)
  24 gnolls
  A howler monkey skeleton (D:7)
  3 adders
  A shadow imp (D:5)
  An ufetubus (D:2)
  A worm (D:3)
  3 dart slugs
  27 orcs
  7 endoplasms
  A giant cockroach (D:1)
  5 goblins
  5 hobgoblins
  10 jackals
  3 quokkas
  3 ball pythons
  6 bats
  A frilled lizard (D:3)
  10 kobolds
  A quokka skeleton (D:4)
  5 rats
213 creatures vanquished.

Vanquished Creatures (collateral kills)
  2 gnolls (D:9)
  2 orcs
4 creatures vanquished.

Grand Total: 217 creatures vanquished

Notes
Turn   | Place    | Note
-------+----------+-------------------------------------------
     0 | D:1      | octoduck the Hill Orc Necromancer began the quest for the
                  | Orb.
     0 | D:1      | Reached XP level 1. HP: 14/14 MP: 3/3
   272 | D:1      | Found Laarulo's Antique Armour Emporium.
   287 | D:1      | Reached XP level 2. HP: 16/20 MP: 0/4
  1835 | D:2      | Reached XP level 3. HP: 21/26 MP: 0/5
  1994 | D:2      | Reached skill level 5 in Necromancy
  2932 | D:2      | Reached skill level 1 in Axes
  2932 | D:2      | Reached XP level 4. HP: 22/34 MP: 0/6
  3160 | D:2      | Reached skill level 1 in Fighting
  4095 | D:3      | Reached skill level 2 in Axes
  4258 | D:3      | Noticed Natasha
  4448 | D:3      | Found a faded altar of an unknown god.
  4715 | D:3      | Found Cacuck's Antique Weapon Boutique.
  4778 | D:2      | Reached skill level 3 in Axes
  4778 | D:2      | Reached XP level 5. HP: 17/41 MP: 0/7
  5461 | D:3      | Killed Natasha
  5639 | D:3      | Noticed Natasha
  5651 | D:3      | Killed Natasha
  5666 | D:3      | Noticed Natasha
  5773 | D:3      | Killed Natasha
  5774 | D:3      | Reached skill level 4 in Axes
  5965 | D:4      | Reached XP level 6. HP: 42/50 MP: 8/8
  6047 | D:4      | Found a glowing silver altar of Zin.
  6048 | D:4      | Found Zin's Purification Station.
  6084 | D:4      | Reached skill level 5 in Axes
  6859 | D:3      | Reached skill level 6 in Axes
  7190 | D:4      | Reached XP level 7. HP: 46/59 MP: 1/9
  8445 | D:5      | Entered Level 5 of the Dungeon
  8466 | D:5      | Reached skill level 7 in Axes
  8845 | D:5      | Found Kurog's Weapon Shoppe.
  8882 | D:5      | Reached skill level 5 in Fighting
  8930 | D:5      | Reached skill level 8 in Axes
  9037 | D:5      | Reached XP level 8. HP: 62/69 MP: 3/10
  9207 | D:5      | Found a staircase to the Ecumenical Temple.
  9216 | Temple   | Entered the Ecumenical Temple
  9432 | Temple   | Became a worshipper of Makhleb the Destroyer
  9829 | D:5      | Reached skill level 9 in Axes
 10575 | D:6      | Found a radiant altar of Vehumet.
 10618 | D:6      | Found an ancient bone altar of Kikubaaqudgha.
 11377 | D:6      | Found Mielos's Armour Shoppe.
 11384 | D:6      | Bought a +0 leather armour of fire resistance for 90 gold
                  | pieces
 11384 | D:6      | Bought a +0 helmet of intelligence for 115 gold pieces
 12437 | D:5      | Reached skill level 10 in Axes
 13128 | D:6      | Learned a level 3 spell: Vampiric Draining
 13240 | D:7      | Found Yrat Yjo's Magic Scroll Emporium.
 13244 | D:7      | Bought a scroll of identify for 30 gold pieces
 13244 | D:7      | Bought a scroll of identify for 30 gold pieces
 13244 | D:7      | Bought a scroll of teleportation for 45 gold pieces
 13244 | D:7      | Bought a scroll of teleportation for 45 gold pieces
 13662 | D:7      | Identified the +5 spear of Koireygg {freeze, rF++ Dex+4}
 13697 | D:7      | Reached skill level 11 in Axes
 13697 | D:7      | Reached XP level 9. HP: 70/75 MP: 11/11
 13822 | D:7      | Identified the ring of Vuoqoxei {rCorr Slay+2}
 13960 | D:7      | Reached * piety under Makhleb
 14166 | D:7      | Noticed a purple ugly thing
 14169 | D:7      | Found a transporter.
 14169 | D:7      | Noticed Tocho's ghost (novice OgBe)
 14184 | D:7      | Found a transporter.
 15022 | D:7      | Reached skill level 12 in Axes
 15310 | D:7      | Identified a scroll of acquirement
 15310 | D:7      | Acquired the ring "Suajih" {rElec rF+ MP+9 Int+6 Dex-3}
 15325 | D:7      | Learned a level 4 spell: Animate Dead
 16444 | D:8      | Found an iron altar of Okawaru.
 17085 | D:8      | Reached skill level 13 in Axes
 17519 | D:8      | Noticed Joseph
 19289 | D:9      | Reached XP level 10. HP: 81/82 MP: 12/12
 19631 | D:9      | Noticed Erolcha
 20262 | D:9      | Found a runed translucent door.
 20271 | D:9      | Noticed mandarbmax's ghost (novice MfTm)
 20271 | D:9      | Noticed a two-headed ogre
 20586 | D:9      | Reached skill level 14 in Axes
 20588 | D:9      | Noticed a five-headed hydra
 21411 | D:7      | Killed Joseph
 21411 | D:7      | Reached ** piety under Makhleb
 21590 | D:1      | Bought a steaming scale mail for 207 gold pieces
 21590 | D:1      | Identified the +6 scale mail of Cakanur {Int+4 Dex+2} (You
                  | bought it in a shop on level 1 of the Dungeon)
 22304 | D:10     | Entered Level 10 of the Dungeon
 22341 | D:10     | Found a staircase to the Lair.
 22341 | D:10     | Noticed a two-headed ogre
 22983 | D:9      | Reached skill level 1 in Armour
 23103 | D:10     | Noticed a two-headed ogre
 23104 | D:10     | Identified the amulet "Cuorop" {Spirit Regen+}
 23104 | D:10     | Noticed a centaur warrior
 23717 | D:9      | Mangled by Erolcha

Illustrated notes

Levels and vault maps discovered:
D:1:      dpeg_arrival_long_road, layout_loops_corners, serial_shops,
          nicolae_shop_competitors_out_of_business
D:2:      layout_basic, grunt_ministairs_12, minmay_fractal_squares_gapless_5
D:3:      layout_rooms, serial_shops, shop,
          hellmonk_ecumenical_altar_crossroads, kennysheep_generic_room_9,
          uniq_natasha
D:4:      layout_layer_cave, zin_purify, serial_rivers,
          chequers_serial_rivers_large_a, chequers_serial_rivers_small_3,
          chequers_serial_rivers_large_b, chequers_serial_rivers_micro_c,
          chequers_serial_rivers_micro_a
D:5:      layout_gridville, lemuel_temple_firewalk_b, serial_shops, shop_coins,
          cheibrodos_gnoll_hut
D:6:      layout_loops_cross, nicolae_vehumet_altar_sigil,
          lemuel_coloured_pillars_altar, serial_shops, shop,
          portal_sewer_entry_e, minmay_stone_trees_small, patterned_corridor
D:7:      layout_rooms, gammafunk_ghost_arena, nicolae_stop_n_shop_2
D:8:      layout_basic, lemuel_doored_altar, uniq_joseph
D:9:      layout_basic, ebering_ghost_inner_flame, lightli_fourway_metalbox,
          uniq_erolcha
D:10:     minmay_the_grid_triangle_9x9_rhombus_thin_mashed
          [minmay_the_grid_triangle_9x9_dagger,
          minmay_the_grid_triangle_9x9_prize_special,
          minmay_the_grid_triangle_9x9_intruding_spiral,
          minmay_the_grid_triangle_9x9_steps], layout_basic,
          erik_lair_orcish_takeover, serial_co_window_serial, co_window_paths_a,
          co_window_of_opportunity_a, co_window_of_opportunity_a,
          co_window_of_opportunity_a, co_window_paths_a, co_window_corner_cb,
          co_window_of_opportunity_b, co_window_broadway_c,
          co_window_broadway_a, co_window_broadway_a, co_window_paths_c,
          glass_columns_b, glass_columns_b, glass_columns_a,
          chequers_mini_garden, hangedman_abyss_or_decor_stabs,
          minmay_shop_mayhem, minmay_ruffians
Temple:   dpeg_five_rooms_temple

Skill      XL: |  1  2  3  4  5  6  7  8  9 10 |
---------------+-------------------------------+-----
Necromancy     | 5 6 7 8 |  8.2
Axes           | 1 3 4 6 8 11 13 14 | 14.1
Fighting       | 1 2 4 5 6 8 |  8.3
Armour         | 1 |  1.7
Dodging        | |  1.5
Stealth        | |  1.5
Spellcasting   | |  1.5

Action                   |  1- 3 |  4- 6 |  7- 9 | 10-12 || total
-------------------------+-------+-------+-------+-------++-------
Melee: Unarmed           |     2 |       |       |       ||     2
       Quarterstaff      |    24 |       |       |       ||    24
       Dagger            |    14 |       |       |       ||    14
       War axe           |    11 |    18 |       |    65 ||    94
       Hand axe          |       |    79 |   251 |    80 ||   410
Throw: Boomerang         |       |       |    12 |     2 ||    14
       Javelin           |       |       |     5 |       ||     5
       Throwing net      |       |       |     1 |     1 ||     2
       Dart              |       |       |       |     3 ||     3
 Cast: Pain              |    72 |    94 |   264 |    14 ||   444
       Animate Dead      |       |       |     4 |     7 ||    11
       Vampiric Draining |       |       |     1 |     8 ||     9
Evoke: Wand              |       |       |       |     9 ||     9
  Use: Scroll            |     6 |     5 |     8 |     8 ||    27
Armor: Robe              |    28 |    52 |       |       ||    80
       Leather armour    |       |       |    75 |       ||    75
       Skin              |       |       |     1 |       ||     1
       Ring mail         |       |       |    15 |    18 ||    33
       Scale mail        |       |       |       |    30 ||    30
Dodge: Dodged            |    49 |    96 |   204 |    76 ||   425
       Repelled          |     2 |     1 |     4 |     2 ||     9

Table legend: (Time is in decaauts)
 A = Elapsed time spent in this place.
 B = Non-inter-level travel time spent in this place.
 C = Inter-level travel time spent in this place.
 D = Time resting spent in this place.
 E = Time spent auto-exploring this place.
 F = Levels seen in this place.
 G = Mean time per level.
                   A        B        C        D        E       F      G
               +--------+--------+--------+--------+--------+-----+--------+
         Total |  23837 |  20570 |   3267 |  10517 |   5552 |  11 | 2167.0 |
       Dungeon |  23571 |  20356 |   3215 |  10517 |   5346 |  10 | 2357.1 |
        Temple |    266 |    214 |     52 |      0 |    206 |   1 |  266.0 |
               +--------+--------+--------+--------+--------+-----+--------+

Top non-repeatable levels by time:
     D:9: 3276 daAuts
     D:7: 3108 daAuts
     D:6: 2989 daAuts
     D:2: 2948 daAuts
     D:5: 2753 daAuts
     D:3: 2175 daAuts
     D:8: 2145 daAuts
     D:1: 2028 daAuts
     D:4: 2012 daAuts
  Temple: 266 daAuts
    D:10: 135 daAuts
